 Dungeon Sprint DCSS version 0.23.2-40-g277498a001 (webtiles) character file.

Game seed: 3426091631854514180

13197 Devam the Fighter (level 12, -5/92 HPs)
             Began as an Octopode Transmuter on Sept 27, 2019.
             Was the Champion of Cheibriados.
             Slain by a reaper
             ... wielding a +0 scythe of distortion
              (12 damage)
             ... in the Dungeon (Sprint V: "Ziggurat Sprint").
             The game lasted 00:20:28 (1483 turns).

Devam the Fighter (Octopode Transmuter)             Turns: 1483, Time: 00:20:29

Health: -5/92      AC:  3    Str: 31    XL:     12   Next: 3%
Magic:  12/23      EV: 35    Int: 46    God:    Cheibriados [******]
Gold:   0          SH:  0    Dex: 40    Spells: 3/26 levels left

rFire    + . .     SeeInvis .     - Unarmed
rCold    + . .     Gourm    .   (shield currently unavailable)
rNeg     + . .     Faith    .   (helmet restricted)
rPois    .         Spirit   .   G - amulet of the Air {Inacc +Fly rElec EV+5 RMsl}
rElec    +         Reflect  .   A - +6 ring of dexterity
rCorr    .         Harm     .   B - +6 ring of dexterity
MR       .....     NoTele   +   C - +6 ring of intelligence
Stlth    +++.......             D - +6 ring of intelligence
HPRegen  1.25/turn              u - ring "Laenk" {rF+ EV+3}
MPRegen  0.18/turn              F - +6 ring of strength
                                h - ring of the Oligarchy {+Inv rElec AC+2 Slay+5 Stlth-}
                                e - ring of Modesty {Wiz *Slow rElec rC+ rN+}

@: blade tentacles, regenerating, repel missiles, very slow
A: almost no armour, stealthy swim, amphibious, 8 rings, constrict 8, camouflage
1, gelatinous body 1
a: End Transformation, Bend Time, Temporal Distortion, Slouch, Step From Time,
Renounce Religion, Evoke Invisibility, Evoke Flight


You were in the Dungeon.
You worshipped Cheibriados.
Cheibriados was exalted by your worship.
You were not hungry.
You had blades for tentacles.
You visited 1 branch

Inventory:

Missiles
 a - 28 arrows
 I - a throwing net (quivered)
Armour
 j - a +3 large shield (melded)
Jewellery
 e - the ring of Modesty (on tentacle) {Wiz *Slow rElec rC+ rN+}
   (You found it in the Dungeon)

   [ring of wizardry]

   It improves your spell success rate.
   It protects you from cold.
   It insulates you from electricity.
   It protects you from negative energy.
   It may slow you when you take damage.
 f - the ring of Poit {+Fly rPois rC- MR+ Stlth+}
   (You found it in the Dungeon)

   [ring of flight]

   It makes you vulnerable to cold.
   It protects you from poison.
   It affects your resistance to hostile enchantments.
   It lets you fly.
   It makes you more stealthy.
 h - the ring of the Oligarchy (on tentacle) {+Inv rElec AC+2 Slay+5 Stlth-}
   (You found it in the Dungeon)

   [ring of protection]

   It affects your AC (+2).
   It affects your accuracy and damage with ranged weapons and melee attacks
   (+5).
   It insulates you from electricity.
   It lets you turn invisible.
   It makes you less stealthy.
 k - an uncursed ring of protection from cold
 n - the amulet of Starshine {Faith +Blink Int+2 Dex+2}
   (You found it in the Dungeon)

   [amulet of faith]

   It allows you to gain divine favour quickly.
   It affects your intelligence (+2).
   It affects your dexterity (+2).
   It lets you blink.
 u - the ring "Laenk" (on tentacle) {rF+ EV+3}
   (You found it in the Dungeon)

   [ring of evasion]

   It affects your evasion (+3).
   It protects you from fire.
 A - a +6 ring of dexterity (left scythe-like blade)
 B - a +6 ring of dexterity (right scythe-like blade)
 C - a +6 ring of intelligence (on tentacle)
 D - a +6 ring of intelligence (on tentacle)
 E - a +6 ring of strength
 F - a +6 ring of strength (on tentacle)
 G - the amulet of the Air (around mantle) {Inacc +Fly rElec EV+5 RMsl}
   (You found it in the Dungeon)

   [amulet of inaccuracy]

   It reduces the accuracy of all your attacks.
   It affects your evasion (+5).
   It insulates you from electricity.
   It lets you fly.
   It protects you from missiles.
 J - an uncursed ring of protection from magic
 K - the ring "Durin" {+Blink rC+ Str+10 Dex-5}
   (You found it in the Dungeon)

   [ring of protection from cold]

   It affects your strength (+10).
   It affects your dexterity (-5).
   It protects you from cold.
   It lets you blink.
 M - an uncursed ring of see invisible
Wands
 x - a wand of disintegration (7)
 y - a wand of iceblast (3)
 z - a wand of acid (7)
Scrolls
 b - 4 scrolls of enchant armour
 i - 2 scrolls of blinking
 l - 3 scrolls of amnesia
 m - 7 scrolls of fog
 o - 5 scrolls of identify {@r1}
 p - 5 scrolls of remove curse {@r2}
 q - 2 scrolls of fear
 O - a scroll of brand weapon
Potions
 d - 9 potions of curing {@q1}
 g - 7 potions of magic
 r - 2 potions of brilliance
 s - a potion of invisibility
 t - 4 potions of resistance
 v - 4 potions of agility
 w - 5 potions of might
Miscellaneous
 H - a phantom mirror
 L - 3 boxes of beasts
Comestibles
 c - 7 rations
 N - a chunk of flesh


   Skills:
 + Level 12.5 Fighting
 - Level 9.8 Dodging
 + Level 11.4 Shields
 - Level 12.0 Unarmed Combat
 + Level 7.5 Spellcasting
 - Level 5.0 Charms
 + Level 5.7 Necromancy
 - Level 12.1 Transmutations
 - Level 5.6 Ice Magic
 - Level 5.1 Poison Magic
 - Level 8.1 Invocations


You had 3 spell levels left.
You knew the following spells:

 Your Spells              Type           Power        Failure   Level  Hunger
b - Sticks to Snakes      Tmut           #######.     1%          2    None
c - Spider Form           Tmut/Pois      #######...   3%          3    None
d - Ice Form              Ice/Tmut       #######.     4%          4    None
e - Blade Hands           Tmut           #######...   4%          5    ##.....
f - Regeneration          Chrm/Necr      ######....   4%          3    None
g - Animate Dead          Necr           N/A          7%          4    None
h - Blink                 Tloc           N/A          9%          2    None

Your spell library contained the following spells:

 Spells                   Type           Power        Failure   Level  Hunger
 Beastly Appendage        Tmut           ######       1%          1    None
 Animate Skeleton         Necr           N/A          3%          1    None
 Pain                     Necr           ####         3%          1    None
 Corpse Rot               Necr           N/A          3%          2    None
 Sublimation of Blood     Necr           ######....   3%          2    None
 Vampiric Draining        Necr           ######....   4%          3    None
 Swiftness                Chrm/Air       #####...     6%          2    None
 Magic Dart               Conj           ###.         8%          1    None
 Shock                    Conj/Air       ###.         8%          1    None
 Call Imp                 Summ           ###.....     9%          2    None
 Slow                     Hex            ###.....     9%          2    None
 Mephitic Cloud           Conj/Pois/Air  ####....     9%          3    None
 Conjure Flame            Conj/Fire      ###.....     13%         3    None
 Recall                   Summ/Tloc      N/A          13%         3    None
 Static Discharge         Conj/Air       ###.....     13%         3    None
 Agony                    Necr           ######..     12%         5    ##.....
 Dispel Undead            Necr           ######..     12%         5    ##.....
 Excruciating Wounds      Chrm/Necr      ######....   13%         5    ##.....
 Bolt of Draining         Conj/Necr      #####.....   24%         5    ##.....
 Airstrike                Air            ###.......   26%         4    None
 Aura of Abjuration       Summ           ###.......   45%         5    ##.....
 Lightning Bolt           Conj/Air       ###.......   45%         5    ##.....
 Summon Demon             Summ           ###.......   45%         5    ##.....
 Summon Forest            Summ/Tloc      ###.......   45%         5    ##.....
 Summon Mana Viper        Hex/Summ       ###.....     45%         5    ##.....
 Shadow Creatures         Summ           N/A          89%         6    #####..


Dungeon Overview and Level Annotations

Branches:
Dungeon (1/1)

Altars:
Ashenzari
Cheibriados
Dithmenos
Elyvilon
Fedhas
Gozag
Hepliaklqana
Kikubaaqudgha
Makhleb
Nemelex Xobeh
Okawaru
Qazlal
Ru
Sif Muna
Trog
Uskayaw
Vehumet
Wu Jian
Xom
Yredelemnul
Zin
The Shining One
Beogh
Jiyva
Lugonu


Innate Abilities, Weirdness & Mutations

You cannot wear most types of armour.
You are very stealthy in the water. (Stealth+)
You are amphibious.
You can wear up to eight rings at the same time.
You can use your tentacles to constrict eight enemies at once.
Your skin changes colour to match your surroundings (Stealth+).
Your rubbery body absorbs attacks. (AC +1, EV +1)


Message History

The tormentor hits your hell hound zombie but does no damage.
The reaper closely misses you.
Your hell hound zombie bites the tormentor.
You fail to use your ability.
The tormentor calls on the powers of darkness!
Your body is wracked with pain!
* * * LOW HITPOINT WARNING * * *
The tormentor hits your hell hound zombie. x2
The hell hound barely misses you.
Your hell hound zombie barely misses the tormentor.
The tormentor calls on the powers of darkness!
Your body is wracked with pain!
* * * LOW HITPOINT WARNING * * *
The tormentor barely misses your hell hound zombie.
The tormentor hits your hell hound zombie.
The tormentor hits your hell hound zombie but does no damage.
The tormentor barely misses your hell hound zombie.
You fail to use your ability.
The hell hound completely misses you.
The reaper hits you from afar with a +0 scythe of distortion!
You die...

▓..}))!)..▓
▓..})=|)..▓....|....▓
▓.........▓.........▓
▓.........▓.........▓
▓.........▓.........▓
▓....2....▓.........▓
▓...2222..▓.▓.))†.▓.▓
▓.▓..Zh.▓.▓....©÷...▓
▓....@....▓▓▓▓▓▓▓▓▓▓▓
▓▓▓▓▓▓▓▓▓▓▓


You could see 2 reapers, 3 tormentors, a hell hound and a friendly hell hound
zombie.

Vanquished Creatures
  A bone dragon (D)
  A green draconian (D)
  10 draconians (D)
  A black mamba (D)
  2 naga magi (D)
  3 toenail golems (D)
  2 merfolk (D)
  2 hippogriffs (D)
  A golden eye (D)
  5 insubstantial wisps (D)
  A naga (D)
  2 hell hounds (D)
  3 water moccasins (D)
  2 phantoms (D)
  2 centaurs (D)
  3 earth elementals (D)
  A scorpion (D)
  2 wights (D)
  A crimson imp (D)
  A jelly (D)
  2 adders (D)
  2 shadow imps (D)
  An adder zombie (D)
  An adder skeleton (D)
  A bat zombie (D)
  A quokka zombie (D)
54 creatures vanquished.

Vanquished Creatures (collateral kills)
  A jumping spider (D)
  2 scorpions (D)
3 creatures vanquished.

Grand Total: 57 creatures vanquished

Notes
Turn   | Place    | Note
-------+----------+-------------------------------------------
     0 | D        | Found the +6 Majin-Bo {vamp, Archmagi MP+6 Int+6}
     0 | D        | Found the +7 great mace "Firestarter" {inner flame, rF++}
     0 | D        | Devam the Octopode Transmuter began the quest for the Orb.
     0 | D        | Reached XP level 1. HP: 13/13 MP: 3/3
     5 | D        | Found a blossoming altar of Fedhas.
     6 | D        | Found an opulent altar of Gozag.
     6 | D        | Found a hazy altar of Hepliaklqana.
     6 | D        | Found a viscous altar of Jiyva.
     6 | D        | Found a transporter.
     7 | D        | Became a worshipper of Cheibriados the Contemplative
    13 | D        | Found an ancient bone altar of Kikubaaqudgha.
    13 | D        | Found a corrupted altar of Lugonu.
    24 | D        | Found a burning altar of Makhleb.
    25 | D        | Found a sacrificial altar of Ru.
    25 | D        | Found a stormy altar of Qazlal.
    25 | D        | Found a deep blue altar of Sif Muna.
    25 | D        | Found an iron altar of Okawaru.
    25 | D        | Found a bloodstained altar of Trog.
    25 | D        | Found a sparkling altar of Nemelex Xobeh.
    57 | D        | Entered arena 2.
    57 | D        | Noticed a golden eye
    57 | D        | Found a transporter.
    57 | D        | Noticed a jelly
    58 | D        | Found the amulet of the Air {Inacc +Fly rElec EV+5 RMsl}
    61 | D        | Killed a jelly
    61 | D        | Reached skill level 1 in Shields
    61 | D        | Reached XP level 2. HP: 19/19 MP: 2/5
    61 | D        | Reached XP level 3. HP: 24/24 MP: 2/7
   134 | D        | Killed a golden eye
   134 | D        | Reached * piety under Cheibriados
   134 | D        | Reached skill level 5 in Unarmed Combat
   134 | D        | Reached XP level 4. HP: 33/33 MP: 8/10
   134 | D        | Reached XP level 5. HP: 37/37 MP: 8/11
   183 | D        | Learned a level 2 spell: Sticks to Snakes
   187 | D        | Learned a level 3 spell: Spider Form
   192 | D        | Learned a level 4 spell: Ice Form
   194 | D        | Entered arena 3.
   194 | D        | Noticed a draconian
   194 | D        | Noticed a draconian
   194 | D        | Noticed a draconian
   194 | D        | Identified the +7 spear "Impbane" {holy, *Rage +Rage Str+4
                  | Stlth+}
   194 | D        | Found a transporter.
   202 | D        | Killed a draconian
   202 | D        | Reached skill level 5 in Fighting
   202 | D        | Reached skill level 5 in Dodging
   202 | D        | Reached skill level 5 in Shields
   202 | D        | Reached skill level 5 in Spellcasting
   202 | D        | Reached skill level 5 in Transmutations
   202 | D        | Reached skill level 5 in Invocations
   202 | D        | Reached XP level 6. HP: 45/45 MP: 5/13
   202 | D        | Reached XP level 7. HP: 50/50 MP: 5/14
   211 | D        | Killed a draconian
   211 | D        | Reached skill level 5 in Poison Magic
   221 | D        | Killed a draconian
   221 | D        | Reached XP level 8. HP: 39/58 MP: 8/15
   356 | D        | Learned a level 5 spell: Blade Hands
   358 | D        | Reached skill level 5 in Ice Magic
   358 | D        | Reached XP level 9. HP: 64/64 MP: 16/16
   361 | D        | Entered arena 4.
   361 | D        | Noticed a jumping spider
   361 | D        | Found a transporter.
   366 | D        | Reached ** piety under Cheibriados
   372 | D        | Killed a jumping spider
   372 | D        | Reached *** piety under Cheibriados
   378 | D        | Got the ring of Poit {+Fly rPois rC- MR+ Stlth+}
   380 | D        | Got the ring of the Oligarchy {+Inv rElec AC+2 Slay+5
                  | Stlth-}
   423 | D        | Entered arena 5.
   423 | D        | Noticed a bone dragon
   423 | D        | Found a transporter.
   447 | D        | HP: 3/64 [bone dragon (22)]
   448 | D        | Killed a bone dragon
   448 | D        | Reached **** piety under Cheibriados
   448 | D        | Reached skill level 10 in Unarmed Combat
   448 | D        | Reached XP level 10. HP: 4/75 MP: 6/17
   454 | D        | Got the ring of Modesty {Wiz *Slow rElec rC+ rN+}
   777 | D        | Entered arena 6.
   777 | D        | Found a transporter.
   781 | D        | Reached ***** piety under Cheibriados
   781 | D        | Reached skill level 10 in Transmutations
   785 | D        | Reached skill level 10 in Fighting
   801 | D        | Got the amulet of Starshine {Faith +Blink Int+2 Dex+2}
   803 | D        | Got the ring "Laenk" {rF+ EV+3}
   812 | D        | Entered arena 7.
   812 | D        | Noticed a toenail golem
   812 | D        | Noticed a toenail golem
   812 | D        | Noticed a toenail golem
   815 | D        | Found a transporter.
   819 | D        | Killed a toenail golem
   821 | D        | Killed a toenail golem
   823 | D        | Killed a toenail golem
   823 | D        | Reached XP level 11. HP: 51/82 MP: 8/18
   845 | D        | Got the cursed ring "Ulle" {rF++ Int-5}
   849 | D        | Got the ring "Durin" {+Blink rC+ Str+10 Dex-5}
  1053 | D        | Entered arena 8.
  1055 | D        | Found a transporter.
  1059 | D        | Reached ****** piety under Cheibriados
  1063 | D        | Reached skill level 10 in Shields
  1092 | D        | Got the amulet "Necoesk" {Harm *Drain rPois}
  1197 | D        | Learned a level 3 spell: Regeneration
  1198 | D        | Entered arena 9.
  1199 | D        | Found the cursed necklace of Bloodlust {*Rage +Rage MR++
                  | Int-3 Slay+6 *Curse}
  1199 | D        | Found a transporter.
  1211 | D        | Reached skill level 1 in Necromancy
  1239 | D        | Entered arena 10.
  1239 | D        | Noticed a draconian
  1239 | D        | Noticed a draconian
  1239 | D        | Noticed a draconian
  1239 | D        | Noticed a draconian
  1239 | D        | Noticed a draconian
  1239 | D        | Noticed a draconian
  1239 | D        | Noticed a green draconian
  1239 | D        | Noticed a draconian
  1240 | D        | Found a transporter.
  1245 | D        | Killed a draconian
  1245 | D        | Reached skill level 1 in Charms
  1246 | D        | Killed a draconian
  1248 | D        | Killed a draconian
  1249 | D        | Killed a draconian
  1253 | D        | Killed a draconian
  1254 | D        | Killed a green draconian
  1255 | D        | Killed a draconian
  1258 | D        | Killed a draconian
  1291 | D        | Learned a level 4 spell: Animate Dead
  1421 | D        | Entered arena 11.
  1429 | D        | Reached skill level 5 in Charms
  1430 | D        | Reached skill level 5 in Necromancy
  1436 | D        | Reached XP level 12. HP: 92/92 MP: 13/23
  1440 | D        | Found a transporter.
  1462 | D        | Learned a level 2 spell: Blink
  1474 | D        | Entered arena 12.
  1474 | D        | Noticed a reaper
  1476 | D        | Noticed a reaper
  1483 | D        | Slain by a reaper

Skill      XL: |  1  2  3  4  5  6  7  8  9 10 11 |
---------------+----------------------------------+-----
Fighting       | 2 3 5 6 7 9 10 12 | 12.5
Dodging        | 3 4 5 6 7 9 |  9.8
Shields        | 1 3 5 6 7 9 11 | 11.4
Invocations    | 2 4 5 7 8 |  8.1
Unarmed Combat | 5 6 7 10 11 12 | 12.0
Spellcasting   | 4 5 7 |  7.5
Transmutations | 4 5 6 7 9 11 12 | 12.1
Ice Magic      | 3 4 5 |  5.6
Poison Magic   | 3 5 |  5.1
Necromancy     | 5 |  5.7
Charms         | 5 |  5.0

Action                   |  1- 3 |  4- 6 |  7- 9 | 10-12 || total
-------------------------+-------+-------+-------+-------++-------
Melee: Unarmed           |    22 |     5 |    35 |    69 ||   131
       Kick              |     3 |       |       |       ||     3
       Tentacles         |     3 |       |     7 |    24 ||    34
       Punch             |       |       |     2 |     9 ||    11
       Constrict         |       |       |     1 |    10 ||    11
 Cast: Beastly Appendage |     1 |       |       |       ||     1
       Sticks to Snakes  |       |     1 |     3 |     1 ||     5
       Ice Form          |       |     1 |       |       ||     1
       Blade Hands       |       |       |     1 |     8 ||     9
       Spider Form       |       |       |     1 |       ||     1
       Animate Dead      |       |       |       |     1 ||     1
       Regeneration      |       |       |       |     1 ||     1
Invok: Temporal Distorti |       |       |     1 |       ||     1
       Slouch            |       |       |       |     5 ||     5
Evoke: Wand              |       |       |       |     4 ||     4
  Use: Potion            |       |       |    11 |     3 ||    14
       Scroll            |       |       |     1 |     3 ||     4
 Stab: Distracted        |       |       |     1 |       ||     1
       Invisible         |       |       |       |     4 ||     4
  Eat: Chunk             |       |       |       |     2 ||     2
Armor: Skin              |     1 |     1 |     5 |     1 ||     8
Dodge: Dodged            |       |     8 |    58 |    92 ||   158
       Deflected         |       |       |       |     1 ||     1
Block: Large shield      |       |       |       |     7 ||     7
